 Dungeon Crawl Stone Soup version 0.24.0-1-gfbc8707122 (webtiles) character file.

Game seed: 16150558996303059048, levelgen mode: deterministic

1827 MTVSty1e the Basher (level 9, 0/55 HPs)
             Began as a Gargoyle Monk on Oct 28, 2019.
             Slain by a troll (7 damage)
             ... on level 5 of the Dungeon.
             The game lasted 00:10:08 (7225 turns).

MTVSty1e the Basher (Gargoyle Monk)                 Turns: 7225, Time: 00:10:08

Health: 0/55       AC: 18    Str: 18    XL:     9   Next: 11%
Magic:  9/9        EV:  7    Int: 11    God:
Gold:   283        SH:  3    Dex: 12    Spells: 8/8 levels left

rFire    . . .     SeeInvis +   e - +0 whip (freeze)
rCold    + . .     Gourm    .   p - +0 buckler
rNeg     + . .     Faith    .   y - +3 chain mail {rC+}
rPois    ∞         Spirit   .   (no helmet)
rElec    +         Reflect  .   (no cloak)
rCorr    .         Harm     .   f - +0 pair of gloves
MR       .....                  (no boots)
Stlth    ..........             (no amulet)
HPRegen  0.18/turn              u - ring of see invisible
MPRegen  0.11/turn              (no ring)

@: very slightly contaminated, invisible
A: negative energy resistance 1, electricity resistance, unbreathing,
petrification resistance, rot immunity, AC +6
a: no special abilities


You were on level 5 of the Dungeon.
You were not hungry.

You visited 1 branch of the dungeon, and saw 6 of its levels.

You collected 283 gold pieces.

Inventory:

Hand Weapons
 a - a +0 mace
 e - a +0 whip of freezing (weapon)
Armour
 d - a +0 large shield
 f - a +0 pair of gloves (worn)
 p - a +0 buckler (worn)
 y - a +3 chain mail of cold resistance (worn)
Jewellery
 u - a ring of see invisible (left hand)
Wands
 q - a wand of digging (6)
 w - a wand of random effects (18)
Scrolls
 g - 6 scrolls of remove curse
 h - a scroll of fog
 k - 3 scrolls of enchant weapon {unknown}
 l - a scroll of identify
 m - 6 scrolls of enchant armour
 n - a scroll of magic mapping {unknown}
 o - 3 scrolls of blinking {unknown}
 r - a scroll of noise {unknown}
 v - a scroll of amnesia {unknown}
Potions
 j - 3 potions of curing
 s - a potion of mutation
 t - a potion of lignification
 z - a potion of brilliance
 A - a potion of ambrosia
Comestibles
 c - 4 rations


   Skills:
 + Level 6.1 Fighting
 * Level 10.8 Maces & Flails
 - Level 2.4 Dodging
 - Level 2.1 Stealth


You had 8 spell levels left.
You didn't know any spells.
Your spell library was empty.

Dungeon Overview and Level Annotations

Branches:
Dungeon (6/15)
 Temple: D:4-7

Altars:
Fedhas
Gozag
Nemelex Xobeh
Uskayaw


Innate Abilities, Weirdness & Mutations

You are resistant to torment.
Your stone body is resilient. (AC +6)
You are immune to poison.
You resist negative energy. (rN+)
You are resistant to electric shocks. (rElec)
You can survive without breathing.
You are immune to petrification.
You are immune to rotting.


Message History

There is a stone staircase leading down here.
You can't go up here!
The troll bites you.
* * * LOW HITPOINT WARNING * * *
The troll claws you but does no damage. The troll barely misses you.
You climb downwards.
Found a ration.
There is a stone staircase leading up here.
You climb upwards.
The troll shouts!
There is a stone staircase leading down here.
As you read the scroll labeled UVAG LILIY, it crumbles to dust.
The dust glows bright orange!
It was a scroll of random uselessness.
The troll bites you.
* * * LOW HITPOINT WARNING * * *
The troll misses you. The troll barely misses you.
As you read the scroll labeled NELONUD UCOOQI, it crumbles to dust.
The scroll dissolves into smoke.
It was a scroll of fog.
The troll bites you but does no damage. The troll claws you!
You die...

#####################
....................# #
.##############.....# .#
.####...####....##### ..#
.............###########...
.......####...#§§§.........#
###<...##...#..T@§...(##...#
...[..)........§§§.........#
.##.[.[...>#..#............#
.##...##.#.#.##(.....#######
......)[.#..........##
.....[##...........##
.#........#.....####
..#..............
#................


You could see a troll.

Vanquished Creatures
  Pikel (D:4)
  Sigmund (D:5)
  Menkaure (D:4)
  Duvessa (D:5)
  A slave (D:4)
  A centaur (D:5)
  Blork the orc (D:5)
  A bullfrog (D:5)
  A scorpion (D:4)
  Dowan (D:5)
  A crimson imp (D:4)
  A centaur zombie (D:5)
  A hound (D:4)
  2 jellies (D:2)
  2 orc wizards (D:5)
  Ijyb (D:4)
  2 worker ants (D:4)
  7 gnolls
  10 adders
  A shadow imp (D:4)
  11 oozes
  5 worms
  A dart slug (D:2)
  A leopard gecko (D:1)
  19 orcs
  9 bats
  6 giant cockroaches
  10 hobgoblins
  9 jackals
  6 frilled lizards
  9 goblins
  13 kobolds
  8 rats
145 creatures vanquished.

Vanquished Creatures (others)
  A bullfrog (D:4)
  An orc wizard (D:4)
  3 orcs (D:4)
  2 fungi (D:2)
  8 toadstools (D:2)
15 creatures vanquished.

Grand Total: 160 creatures vanquished

Notes
Turn   | Place    | Note
-------+----------+-------------------------------------------
     0 | D:1      | MTVSty1e the Gargoyle Monk began the quest for the Orb.
     0 | D:1      | Reached XP level 1. HP: 14/14 MP: 1/1
   440 | D:1      | Reached XP level 2. HP: 19/19 MP: 2/2
  1542 | D:2      | Reached XP level 3. HP: 24/24 MP: 3/3
  1685 | D:2      | Reached skill level 4 in Maces & Flails
  1734 | D:2      | HP: 1/24 [worm (4)]
  2059 | D:2      | Found an opulent altar of Gozag.
  2085 | D:2      | Found a sparkling altar of Nemelex Xobeh.
  2299 | D:2      | Reached XP level 4. HP: 12/29 MP: 4/4
  3082 | D:2      | Reached skill level 5 in Maces & Flails
  3091 | D:2      | Reached XP level 5. HP: 30/33 MP: 5/5
  3282 | D:2      | Reached skill level 6 in Maces & Flails
  3282 | D:2      | Reached XP level 6. HP: 25/38 MP: 6/6
  4630 | D:3      | Found a hide-covered altar of Uskayaw.
  5087 | D:4      | Reached skill level 7 in Maces & Flails
  5181 | D:4      | Reached XP level 7. HP: 44/44 MP: 7/7
  5368 | D:4      | Found a blossoming altar of Fedhas.
  5412 | D:4      | Noticed Menkaure
  5426 | D:4      | Killed Menkaure
  5630 | D:4      | Noticed Ijyb
  5649 | D:4      | Killed Ijyb
  5700 | D:4      | Noticed Pikel
  5758 | D:4      | Killed Pikel
  5758 | D:4      | Reached skill level 5 in Fighting
  5758 | D:4      | Reached skill level 9 in Maces & Flails
  5758 | D:4      | Reached XP level 8. HP: 13/49 MP: 8/8
  6359 | D:5      | Entered Level 5 of the Dungeon
  6363 | D:5      | Noticed a troll
  6372 | D:5      | Noticed Duvessa
  6433 | D:5      | Noticed Dowan
  6772 | D:5      | Killed Dowan
  6785 | D:5      | Noticed Sigmund
  6800 | D:5      | Killed Sigmund
  6800 | D:5      | Reached skill level 10 in Maces & Flails
  6808 | D:5      | Noticed Blork the orc
  6830 | D:5      | Killed Blork the orc
  6892 | D:5      | Killed Duvessa
  6892 | D:5      | Reached XP level 9. HP: 20/55 MP: 9/9
  7225 | D:5      | Slain by a troll

Levels and vault maps discovered:
D:1:      wander_arrival_fairy_ring, layout_loops_ring,
          chequers_serial_rivers_small_b
D:2:      cheibrodos_fertilizer, layout_loops_ring, lemuel_crystal_altar,
          nicolae_overflow_crystal_walls, serial_forest,
          infiniplex_forest_straight_3, infiniplex_forest_straight_3,
          infiniplex_forest_clump_diagonal, infiniplex_forest_straight_3,
          infiniplex_forest_lined_3, infiniplex_forest_clump_medium,
          infiniplex_forest_lined_corner
D:3:      layout_loops_ring, eat_drink_and_be_merry_uskayaw, st_stairs_9
D:4:      layout_gridville, kennysheep_mini, uniq_pikel, uniq_ijyb,
          uniq_menkaure
D:5:      layout_rooms, serial_shops, nicolae_shop_waterfront, first_ration,
          uniq_sigmund, uniq_blork_the_orc, uniq_duvessa
D:6:      layout_basic

Skill      XL: |  1  2  3  4  5  6  7  8 |
---------------+-------------------------+-----
Maces & Flails | 4 5 6 7 9 10 | 10.8
Fighting       | 4 5 6 |  6.1
Dodging        | |  2.4
Stealth        | |  2.1

Action                   |  1- 3 |  4- 6 |  7- 9 || total
-------------------------+-------+-------+-------++-------
Melee: Mace              |   187 |   341 |    99 ||   627
       Whip              |       |       |   186 ||   186
Evoke: Wand              |       |       |     6 ||     6
  Use: Potion            |       |     1 |     6 ||     7
       Scroll            |       |       |     8 ||     8
 Stab: Sleeping          |     1 |       |       ||     1
  Eat: Chunk             |     3 |     4 |     3 ||    10
       Ration            |     1 |     1 |     2 ||     4
Armor: Robe              |     7 |       |       ||     7
       Ring mail         |   118 |   178 |    20 ||   316
       Chain mail        |       |       |   211 ||   211
Dodge: Dodged            |    55 |   131 |   106 ||   292
Block: Large shield      |   120 |   155 |       ||   275
       Buckler           |       |    18 |    28 ||    46
